 Dungeon Crawl Stone Soup version 0.31-a0-221-gbddc013574 (webtiles) character file.

Game seed: 9056021183258076765

68441 qw the Severer (level 15, -8/96 HPs)
             Began as a Gargoyle Fighter on July 4, 2023.
             Was a High Priest of Okawaru.
             Killed from afar by a deep elf zephyrmancer (12 damage)
             ... with a bolt of lightning
             ... on level 13 of the Dungeon.
             The game lasted 00:11:49 (19499 turns).

qw the Severer (Gargoyle Fighter)                  Turns: 19499, Time: 00:11:50

Health: -8/96      AC: 33    Str: 25    XL:     15   Next: 26%
Magic:  22/22      EV:  9    Int: 11    God:    Okawaru [*****.]
Gold:   2025       SH: 13    Dex:  9    Spells: 14/14 levels left

rFire   + . .        Y - +4 broad axe (elec)
rCold   . . .        n - +0 kite shield
rNeg    + . .        e - +0 plate armour
rPois   inf          z - +1 hat {SInv}
rElec   +            h - +0 cloak
rCorr   .            (no gloves)
SInv    +            o - +1 pair of boots {Stlth+}
Will    ++...        m - amulet of faith Stlth
                     w - ring of protection from fire
HPRegen 0.36/turn    b - ring of willpower
MPRegen 0.18/turn

%: faith
@: about to teleport, heroic, flying
A: sickness immunity, AC +11, big wings, negative energy resistance 1,
electricity resistance, torment resistance 1, petrification resistance
a: Renounce Religion, Heroism, Finesse, Duel


You were on level 13 of the Dungeon.
You worshipped Okawaru.
Okawaru was extremely pleased with you.
You visited 3 branches of the dungeon, and saw 19 of its levels.

You collected 2025 gold pieces.


Innate Abilities, Weirdness & Mutations

You are immune to sickness and miasma.
Your stone body is resilient. (AC +11)
You are immune to poison.
Your large and strong wings let you fly.
You resist negative energy. (rN+)
You are resistant to electric shocks. (rElec)
You are resistant to unholy torment.
You are immune to petrification.


   Skills:
 - Level 12.0(17.0) Fighting
 - Level 16.0(21.0) Axes
 - Level 2.0(7.0) Throwing
 - Level 11.0(16.0) Armour
 - Level 2.3(7.3) Dodging
 + Level 12.7(17.7) Shields
 - Level 10.0 Invocations


You had 14 spell levels left.
You didn't know any spells.
Your spell library was empty.

Inventory:

Hand Weapons
 c - a +0 morningstar
 Y - a +4 broad axe of electrocution (weapon)
Missiles
 B - 9 boomerangs (quivered)
Armour
 e - a +0 plate armour (worn)
 h - a +0 cloak (worn)
 i - a +0 chain mail of cold resistance
 n - a +0 kite shield (worn)
 o - a +1 pair of boots of stealth (worn)
 t - +0 acid dragon scales
 u - a +2 helmet
 z - a +1 hat of see invisible (worn)
Jewellery
 b - a ring of willpower (right hand)
 l - a +6 ring of dexterity
 m - an amulet of faith (around neck)
 v - a ring of protection from fire
 w - a ring of protection from fire (left hand)
 y - a ring of willpower
Wands
 x - a wand of digging (4)
Scrolls
 g - 8 scrolls of identify
Potions
 a - 4 potions of enlightenment
 d - 2 potions of might
 f - 2 potions of mutation
 j - 9 potions of curing
 k - 3 potions of lignification
 p - a potion of resistance
 q - a potion of haste
 s - 3 potions of cancellation
 A - a potion of attraction {unknown}

Dungeon Overview and Level Annotations

Branches:
Dungeon (13/15)            Temple (1/1) D:6            Lair (5/5) D:8
 Shoals (0/4) Lair:2        Snake (0/4) Lair:3        Slime (0/5) Lair:5
    Orc (0/2) D:11
 Vaults: D:13-14

Altars:
Ashenzari
Cheibriados
Dithmenos
Elyvilon
Fedhas
Gozag
Hepliaklqana
Kikubaaqudgha
Makhleb
Nemelex Xobeh
Okawaru
Qazlal
Ru
Sif Muna
Trog
Uskayaw
Vehumet
Wu Jian
Xom
Yredelemnul
Zin
The Shining One

Shops:
D:3 :   D:11 (

Portals:
Trove: D:12 (lose all piety)

Annotations:
Lair:1 1 runed translucent door, qw's ghost, journeyman GrFi


Message History

The centaur warrior skeleton is severely damaged.
You slash the two-headed ogre!
The centaur warrior skeleton hits you but does no damage.
You block the centaur warrior skeleton's attack.
The two-headed ogre hits you but does no damage.
The two-headed ogre hits you with a +0 giant spiked club.
You slash the centaur warrior skeleton!
The centaur warrior skeleton is almost destroyed.
You hit the two-headed ogre but do no damage.
You block the centaur warrior skeleton's attack. x2
The yaktaur shoots a bolt.
The bolt barely misses you.
The bolt hits the two-headed ogre.
You slice the centaur warrior skeleton!!
You destroy the centaur warrior skeleton!
Okawaru accepts your kill.
You slash the two-headed ogre!
You block the two-headed ogre's attack. x2; The yaktaur shoots a bolt.
The bolt barely misses you.
The bolt barely misses the two-headed ogre.
You hit the two-headed ogre.
Lightning courses through the two-headed ogre!
The two-headed ogre is severely wounded.
You slice the two-headed ogre!!
Lightning courses through the two-headed ogre!!
You kill the two-headed ogre!
Okawaru accepts your kill.
The yaktaur shoots a bolt.
The bolt hits you!
19497 ||| READING scroll of teleportation.
As you read the scroll of teleportation, it crumbles to dust.
You feel strangely unstable.
The deep elf zephyrmancer points at you and mumbles some strange words.
The bolt of lightning hits you! You resist.
The yaktaur shoots a bolt.
The bolt hits you!
Things that are here:
a +0 glaive; 16 gold pieces You slash the deep elf zephyrmancer!
The deep elf zephyrmancer is moderately wounded.
The deep elf zephyrmancer points at you and mumbles some strange words.
The bolt of lightning hits you! You resist.
You die...

#..>.##............(# ...
#....##....#######..# #
#....##....# . #..#
#.../.####.# .##..#
#..........# #.#.)# #
#......###.#..##.#).#.##..
.......# #.# #..c..))...#
<.....####.#####e#..#.###
.........#......@.......
#######..#).).............
..........)#####)#..#.####
#########..# ........
....# ##.#..#.## ######
#.#..# # .## .# . .# # #


You could see a yaktaur and a deep elf zephyrmancer.

Vanquished Creatures
  Jorgrun (D:12)
  Rupert (Lair:5)
  Gastronok (D:12)
  Nessos (D:13)
  2 hydras (Lair:3)
  3 catoblepae
  An ogre mage (D:13)
  4 two-headed ogres
  A boulder beetle (Lair:5)
  3 skysharks (Lair:5)
  A skeletal warrior (D:13)
  A deep elf archer (D:13)
  A wolf spider (Lair:5)
  2 deep elf zephyrmancers (D:13)
  2 ugly things (D:11)
  11 elephants
  5 cyclopes
  A merfolk siren (Lair:2)
  11 black mambas
  A guardian serpent (Lair:5)
  A torpor snail (Lair:5)
  A gargoyle (D:9)
  21 cane toads
  7 komodo dragons
  3 yaktaurs (D:13)
  2 centaur skeletons (D:13)
  2 unseen horrors (D:12)
  A rime drake (Lair:5)
  2 guardian mummies (D:12)
  A troll (D:13)
  11 polar bears
  A merfolk (Lair:2)
  4 hornets
  Prince Ribbit (D:6)
  2 raiju (Lair:5)
  9 dream sheep
  20 blink frogs
  9 wyverns
  A wraith (D:9)
  36 yaks
  Grum (D:11)
  3 basilisks
  3 redbacks (Lair:5)
  3 steam dragons
  8 vampire mosquitoes (D:12)
  6 wargs (Lair:5)
  Menkaure (D:7)
  Duvessa (D:6)
  A naga (Lair:3)
  13 hell hounds (Lair:5)
  22 water moccasins
  3 acid dragons
  7 orc warriors
  A sky beast (D:6)
  13 black bears
  An ice beast (D:8)
  3 centaurs
  3 ogres (D:13)
  36 wolves
  Blork the orc (D:4)
  A kobold brigand (D:11)
  4 scorpions
  13 bullfrogs
  13 wights
  Dowan (D:6)
  10 killer bees
  4 howler monkeys (D:6)
  2 electric eels
  7 orc priests
  A jelly (D:6)
  A hound (D:3)
  Natasha (thrice) (D:3)
  3 iguanas
  9 orc wizards
  6 hell rats (Lair:3)
  Robin (D:2)
  12 adders
  3 white imps
  2 ufetubi (D:6)
  A worm (D:3)
  A dart slug (D:3)
  52 orcs
  4 ball pythons
  7 endoplasms
  2 giant cockroaches
  20 goblins
  7 hobgoblins
  3 jackals (D:1)
  4 quokkas
  6 bats
  7 frilled lizards
  11 kobolds
  3 rats (D:2)
543 creatures vanquished.

Vanquished Creatures (others)
  A sky beast (D:7)
1 creature vanquished.

Grand Total: 544 creatures vanquished

Notes
Turn   | Place    | Note
-------+----------+-------------------------------------------
     0 | D:1      | qw the Gargoyle Fighter began the quest for the Orb.
     0 | D:1      | Reached XP level 1. HP: 14/14 MP: 1/1
     0 | D:1      | 0 ||| qw: Version: 0.3-a-41-g9d075ac
     0 | D:1      | 0 ||| qw: Game counter: 832
     0 | D:1      | 0 ||| qw: Melee chars always use a shield: true
     0 | D:1      | 0 ||| qw: God list: Okawaru
     0 | D:1      | 0 ||| qw: Allow faded altars: false
     0 | D:1      | 0 ||| qw: Do Orc after clearing Dungeon:15 true
     0 | D:1      | 0 ||| qw: Do second Lair branch before Depths: true
     0 | D:1      | 0 ||| qw: Lair rune preference: random
     0 | D:1      | 0 ||| qw: Goals: Normal, Zot:1-4, Slime:5, God:TSO, Crypt,
                  | Tomb, Abyss, Pan, Hells, Win
     0 | D:1      | 0 ||| PLANNING D:1-11
    71 | D:1      | Reached skill level 2 in Axes
   273 | D:1      | Found a faded altar of an unknown god.
   341 | D:1      | Reached XP level 2. HP: 19/19 MP: 2/2
   725 | D:1      | Reached skill level 3 in Axes
   777 | D:1      | 777 ||| UPGRADING to +0 cloak.
   782 | D:1      | 782 ||| READING scroll labelled DOADDIT OBYN.
   783 | D:1      | 783 ||| READING 2 scrolls labelled AVIUTIH NOPTOA.
   834 | D:2      | 834 ||| Stepping ~*~*~tactically~*~*~ (stealth).
   836 | D:2      | Reached XP level 3. HP: 23/23 MP: 3/3
   946 | D:2      | 946 ||| Stepping ~*~*~tactically~*~*~ (stealth).
   993 | D:2      | 993 ||| Stepping ~*~*~tactically~*~*~ (stealth).
  1005 | D:2      | 1005 ||| Stepping ~*~*~tactically~*~*~ (stealth).
  1012 | D:2      | Reached XP level 4. HP: 25/28 MP: 4/4
  1082 | D:2      | Reached skill level 4 in Axes
  1145 | D:2      | Identified the +0 helmet of Dogmatism {-Cast Rampage rPois
                  | rN+}
  1145 | D:2      | Noticed Robin
  1146 | D:2      | 1146 ||| Stepping ~*~*~tactically~*~*~ (stealth).
  1159 | D:2      | 1159 ||| Stepping ~*~*~tactically~*~*~ (hiding).
  1161 | D:2      | 1161 ||| Stepping ~*~*~tactically~*~*~ (hiding).
  1170 | D:2      | Killed Robin
  1179 | D:2      | 1179 ||| FLEEEEING.
  1180 | D:2      | 1180 ||| FLEEEEING.
  1181 | D:2      | 1181 ||| FLEEEEING.
  1182 | D:2      | 1182 ||| FLEEEEING.
  1227 | D:2      | 1227 ||| Stepping ~*~*~tactically~*~*~ (stealth).
  1242 | D:2      | 1242 ||| Stepping ~*~*~tactically~*~*~ (stealth).
  1305 | D:2      | 1305 ||| Stepping ~*~*~tactically~*~*~ (stealth).
  1309 | D:2      | 1309 ||| Stepping ~*~*~tactically~*~*~ (hiding).
  1310 | D:2      | 1310 ||| Stepping ~*~*~tactically~*~*~ (hiding).
  1312 | D:2      | 1312 ||| Stepping ~*~*~tactically~*~*~ (hiding).
  1354 | D:2      | 1354 ||| UPGRADING to +0 helmet of Dogmatism {-Cast Rampage
                  | rPois rN+}.
  1359 | D:2      | 1359 ||| READING scroll labelled ICKUW PI WID.
  1360 | D:2      | 1360 ||| READING scroll labelled EPLE WU DOUXT.
  1363 | D:2      | 1363 ||| READING 2 scrolls of identify.
  1363 | D:2      | 1363 ||| IDENTIFYING pink potion
  1390 | D:3      | 1390 ||| STAIRDANCE
  1398 | D:2      | HP: 7/28 [something (3)]
  1441 | D:2      | Reached XP level 5. HP: 14/32 MP: 5/5
  1514 | D:2      | 1514 ||| DROPPING +0 club.
  1522 | D:3      | 1522 ||| STAIRDANCE
  1541 | D:2      | Reached skill level 5 in Axes
  1622 | D:2      | 1622 ||| DROPPING +0 whip.
  1661 | D:3      | Noticed Natasha
  1662 | D:3      | 1662 ||| Stepping ~*~*~tactically~*~*~ (hiding).
  1665 | D:3      | 1665 ||| FLEEEEING.
  1666 | D:3      | 1666 ||| FLEEEEING.
  1667 | D:3      | 1667 ||| FLEEEEING.
  1668 | D:3      | 1668 ||| FLEEEEING.
  1669 | D:3      | 1669 ||| FLEEEEING.
  1670 | D:3      | 1670 ||| FLEEEEING.
  1671 | D:3      | 1671 ||| FLEEEEING.
  1672 | D:3      | 1672 ||| FLEEEEING.
  1673 | D:3      | 1673 ||| FLEEEEING.
  1674 | D:3      | 1674 ||| FLEEEEING.
  1676 | D:3      | 1676 ||| FLEEEEING.
  1677 | D:3      | 1677 ||| FLEEEEING.
  1678 | D:3      | 1678 ||| FLEEEEING.
  1679 | D:3      | 1679 ||| FLEEEEING.
  1680 | D:3      | 1680 ||| FLEEEEING.
  1681 | D:3      | 1681 ||| FLEEEEING.
  1682 | D:3      | 1682 ||| STAIRDANCE
  1703 | D:3      | Killed Natasha
  1816 | D:3      | Noticed Natasha
  1818 | D:3      | 1818 ||| FLEEEEING.
  1819 | D:3      | 1819 ||| FLEEEEING.
  1824 | D:3      | 1824 ||| FLEEEEING.
  1825 | D:3      | 1825 ||| FLEEEEING.
  1826 | D:3      | 1826 ||| FLEEEEING.
  1827 | D:3      | 1827 ||| FLEEEEING.
  1828 | D:3      | 1828 ||| FLEEEEING.
  1829 | D:3      | 1829 ||| FLEEEEING.
  1841 | D:3      | 1841 ||| FLEEEEING.
  1853 | D:3      | 1853 ||| FLEEEEING.
  1865 | D:3      | 1865 ||| FLEEEEING.
  1871 | D:3      | 1871 ||| Stepping ~*~*~tactically~*~*~ (hiding).
  1881 | D:3      | 1881 ||| FLEEEEING.
  1882 | D:3      | 1882 ||| FLEEEEING.
  1883 | D:3      | 1883 ||| FLEEEEING.
  1885 | D:3      | 1885 ||| FLEEEEING.
  1886 | D:3      | 1886 ||| FLEEEEING.
  1887 | D:3      | 1887 ||| FLEEEEING.
  1888 | D:3      | 1888 ||| FLEEEEING.
  1889 | D:3      | 1889 ||| FLEEEEING.
  1890 | D:3      | 1890 ||| FLEEEEING.
  1891 | D:3      | 1891 ||| FLEEEEING.
  1892 | D:3      | 1892 ||| FLEEEEING.
  1893 | D:3      | 1893 ||| FLEEEEING.
  1898 | D:3      | 1898 ||| FLEEEEING.
  1899 | D:3      | 1899 ||| STAIRDANCE
  2009 | D:3      | 2009 ||| FLEEEEING.
  2010 | D:3      | 2010 ||| STAIRDANCE
  2049 | D:3      | Killed Natasha
  2050 | D:3      | Reached XP level 6. HP: 14/38 MP: 6/6
  2077 | D:3      | Noticed Natasha
  2078 | D:3      | 2078 ||| FLEEEEING.
  2079 | D:3      | 2079 ||| STAIRDANCE
  2136 | D:3      | 2136 ||| FLEEEEING.
  2137 | D:3      | 2137 ||| STAIRDANCE
  2246 | D:3      | Killed Natasha
  2428 | D:3      | Found Woly's Book Shop.
  2463 | D:3      | Reached skill level 1 in Dodging
  2817 | D:3      | 2817 ||| UPGRADING to +0 chain mail of cold resistance.
  2827 | D:3      | 2827 ||| DROPPING +0 scale mail.
  2828 | D:3      | 2828 ||| READING scroll labelled SEFUCV NO YTZ.
  2866 | D:4      | 2866 ||| Stepping ~*~*~tactically~*~*~ (stealth).
  2867 | D:4      | Noticed Blork the orc
  2868 | D:4      | 2868 ||| Stepping ~*~*~tactically~*~*~ (stealth).
  2869 | D:4      | 2869 ||| Stepping ~*~*~tactically~*~*~ (stealth).
  2881 | D:4      | Killed Blork the orc
  2882 | D:4      | 2882 ||| FLEEEEING.
  2883 | D:4      | 2883 ||| FLEEEEING.
  2884 | D:4      | 2884 ||| FLEEEEING.
  2885 | D:4      | 2885 ||| FLEEEEING.
  2886 | D:4      | 2886 ||| FLEEEEING.
  2887 | D:4      | 2887 ||| FLEEEEING.
  2888 | D:4      | 2888 ||| STAIRDANCE
  3047 | D:4      | Noticed a black bear
  3053 | D:4      | Killed a black bear
  3054 | D:4      | Reached skill level 6 in Axes
  3054 | D:4      | Reached XP level 7. HP: 37/43 MP: 7/7
  3352 | D:4      | 3352 ||| Stepping ~*~*~tactically~*~*~ (stealth).
  3519 | D:4      | Reached skill level 7 in Axes
  3635 | D:4      | 3635 ||| UPGRADING to +0 kite shield.
  3645 | D:4      | 3645 ||| DROPPING +0 buckler.
  3646 | D:4      | 3646 ||| UPGRADING to amulet of faith.
  3651 | D:4      | 3651 ||| READING 3 scrolls of identify.
  3651 | D:4      | 3651 ||| IDENTIFYING clear potion
  3652 | D:4      | 3652 ||| READING 2 scrolls of identify.
  3652 | D:4      | 3652 ||| IDENTIFYING sedimented grey potion
  3653 | D:4      | 3653 ||| DROPPING potion of brilliance.
  3663 | D:5      | Entered Level 5 of the Dungeon
  3688 | D:5      | 3688 ||| Stepping ~*~*~tactically~*~*~ (stealth).
  3690 | D:5      | 3690 ||| Stepping ~*~*~tactically~*~*~ (stealth).
  3692 | D:5      | 3692 ||| Stepping ~*~*~tactically~*~*~ (stealth).
  3694 | D:5      | 3694 ||| Stepping ~*~*~tactically~*~*~ (stealth).
  3696 | D:5      | 3696 ||| Stepping ~*~*~tactically~*~*~ (stealth).
  3727 | D:5      | 3727 ||| Stepping ~*~*~tactically~*~*~ (hiding).
  3935 | D:5      | 3935 ||| Stepping ~*~*~tactically~*~*~ (stealth).
  3936 | D:5      | 3936 ||| Stepping ~*~*~tactically~*~*~ (stealth).
  4016 | D:5      | 4016 ||| Stepping ~*~*~tactically~*~*~ (stealth).
  4050 | D:5      | 4050 ||| Stepping ~*~*~tactically~*~*~ (stealth).
  4083 | D:5      | 4083 ||| UPGRADING to ring of willpower.
  4084 | D:5      | 4084 ||| READING scroll labelled MOLUSH AMOIRE.
  4085 | D:5      | 4085 ||| READING scroll labelled ESONTA OGU ZIEP.
  4086 | D:5      | 4086 ||| DRINKING 2 dark potions.
  4117 | D:6      | Noticed Prince Ribbit
  4136 | D:6      | HP: 9/43 [Prince Ribbit (6)]
  4137 | D:6      | 4137 ||| READING scroll of teleportation.
  4353 | D:6      | Killed Prince Ribbit
  4354 | D:6      | Reached skill level 6 in Shields
  4354 | D:6      | Reached XP level 8. HP: 45/48 MP: 8/8
  4403 | D:6      | 4403 ||| Stepping ~*~*~tactically~*~*~ (stealth).
  4405 | D:6      | 4405 ||| Stepping ~*~*~tactically~*~*~ (hiding).
  4881 | D:6      | Found a staircase to the Ecumenical Temple.
  4882 | D:6      | 4882 ||| PLANNING TEMPLE
  4886 | D:6      | 4886 ||| UPGRADING to +6 ring of dexterity.
  4887 | D:6      | 4887 ||| READING 3 scrolls of identify.
  4887 | D:6      | 4887 ||| IDENTIFYING silvery potion
  4888 | D:6      | 4888 ||| READING 2 scrolls of identify.
  4888 | D:6      | 4888 ||| IDENTIFYING bubbling purple potion
  4897 | Temple   | Entered the Ecumenical Temple
  5017 | Temple   | 5017 ||| PLANNING OKAWARU WORSHIP
  5394 | Temple   | Became a worshipper of Warmaster Okawaru
  5395 | Temple   | 5395 ||| PLANNING D:1-11
  5580 | D:7      | Noticed Duvessa
  5580 | D:7      | Noticed Dowan
  5582 | D:7      | 5582 ||| STAIRDANCE
  5716 | D:7      | 5716 ||| STAIRDANCE
  5742 | D:7      | 5742 ||| STAIRDANCE
  5841 | D:7      | 5841 ||| STAIRDANCE
  5856 | D:6      | HP: 12/49 [Duvessa/+2 short sword of venom (6)]
  5859 | D:6      | Killed Duvessa
  5859 | D:6      | Reached * piety under Okawaru
  5860 | D:6      | Reached skill level 8 in Axes
  5860 | D:6      | 5860 ||| INVOKING Heroism.
  5867 | D:6      | Killed Dowan
  5868 | D:6      | Reached XP level 9. HP: 15/54 MP: 6/9
  6009 | D:7      | 6009 ||| INVOKING Heroism.
  6011 | D:7      | 6011 ||| Stepping ~*~*~tactically~*~*~ (stealth).
  6024 | D:7      | 6024 ||| FLEEEEING.
  6025 | D:7      | 6025 ||| STAIRDANCE
  6031 | D:7      | 6031 ||| INVOKING Heroism.
  6032 | D:7      | 6032 ||| INVOKING Heroism.
  6035 | D:7      | 6035 ||| STAIRDANCE
  6155 | D:7      | 6155 ||| Stepping ~*~*~tactically~*~*~ (stealth).
  6161 | D:7      | HP: 5/55 [steam dragon] (12)]
  6161 | D:7      | HP: 1/55 [steam dragon/ball of steam (4)]
  6164 | D:7      | Reached skill level 6 in Fighting
  6171 | D:7      | 6171 ||| INVOKING Heroism.
  6176 | D:7      | Reached skill level 1 in Invocations
  6203 | D:7      | 6203 ||| FLEEEEING.
  6204 | D:7      | 6204 ||| STAIRDANCE
  6347 | D:7      | 6347 ||| INVOKING Heroism.
  6376 | D:7      | 6376 ||| DROPPING +0 flail.
  6451 | D:7      | 6451 ||| Stepping ~*~*~tactically~*~*~ (stealth).
  6452 | D:7      | 6452 ||| Stepping ~*~*~tactically~*~*~ (stealth).
  6455 | D:7      | 6455 ||| Stepping ~*~*~tactically~*~*~ (stealth).
  6457 | D:7      | 6457 ||| Stepping ~*~*~tactically~*~*~ (stealth).
  6459 | D:7      | 6459 ||| Stepping ~*~*~tactically~*~*~ (hiding).
  6534 | D:7      | Noticed Menkaure
  6542 | D:7      | Killed Menkaure
  6726 | D:7      | 6726 ||| UPGRADING to +0 plate armour.
  6736 | D:7      | 6736 ||| READING 3 scrolls of identify.
  6736 | D:7      | 6736 ||| IDENTIFYING brown potion
  6828 | D:8      | 6828 ||| Stepping ~*~*~tactically~*~*~ (hiding).
  6829 | D:8      | 6829 ||| INVOKING Heroism.
  6842 | D:8      | 6842 ||| Stepping ~*~*~tactically~*~*~ (stealth).
  6930 | D:8      | 6930 ||| INVOKING Heroism.
  6932 | D:8      | 6932 ||| Stepping ~*~*~tactically~*~*~ (stealth).
  6933 | D:8      | 6933 ||| Stepping ~*~*~tactically~*~*~ (stealth).
  6946 | D:8      | Reached skill level 1 in Throwing
  7080 | D:8      | 7080 ||| Stepping ~*~*~tactically~*~*~ (stealth).
  7081 | D:8      | 7081 ||| Stepping ~*~*~tactically~*~*~ (stealth).
  7092 | D:8      | 7092 ||| INVOKING Heroism.
  7096 | D:8      | Reached skill level 3 in Invocations
  7120 | D:8      | 7120 ||| Stepping ~*~*~tactically~*~*~ (stealth).
  7121 | D:8      | 7121 ||| Stepping ~*~*~tactically~*~*~ (stealth).
  7122 | D:8      | 7122 ||| Stepping ~*~*~tactically~*~*~ (stealth).
  7137 | D:8      | 7137 ||| SWAPPING to +0 war axe of freezing.
  7287 | D:8      | 7287 ||| Stepping ~*~*~tactically~*~*~ (stealth).
  7303 | D:8      | 7303 ||| Stepping ~*~*~tactically~*~*~ (stealth).
  7306 | D:8      | 7306 ||| Stepping ~*~*~tactically~*~*~ (stealth).
  7307 | D:8      | 7307 ||| Stepping ~*~*~tactically~*~*~ (stealth).
  7356 | D:8      | 7356 ||| INVOKING Heroism.
  7359 | D:8      | Reached XP level 10. HP: 39/60 MP: 10/13
  7430 | D:8      | Found a staircase to the Lair.
  7449 | D:8      | Found a glowing silver altar of Zin.
  7547 | D:8      | 7547 ||| PLANNING LAIR
  7547 | D:8      | 7547 ||| READING scroll labelled YTU JUT REGEEN.
  7548 | D:8      | 7548 ||| READING 3 scrolls of identify.
  7548 | D:8      | 7548 ||| IDENTIFYING murky emerald potion
  7594 | Lair:1   | Entered Level 1 of the Lair of Beasts
  7597 | Lair:1   | Noticed a cane toad
  7598 | Lair:1   | 7598 ||| INVOKING Heroism.
  7608 | Lair:1   | Killed a cane toad
  7609 | Lair:1   | Reached skill level 9 in Axes
  7617 | Lair:1   | Noticed a cane toad
  7618 | Lair:1   | Noticed a cane toad
  7619 | Lair:1   | 7619 ||| Stepping ~*~*~tactically~*~*~ (stealth).
  7625 | Lair:1   | 7625 ||| INVOKING Heroism.
  7634 | Lair:1   | Killed a cane toad
  7646 | Lair:1   | Killed a cane toad
  7646 | Lair:1   | Reached ** piety under Okawaru
  7647 | Lair:1   | Reached skill level 6 in Armour
  7711 | Lair:1   | Noticed a cane toad
  7711 | Lair:1   | You fall into a shaft and drop 1 floor!
  7711 | Lair:2   | Noticed a black mamba
  7712 | Lair:2   | 7712 ||| INVOKING Heroism.
  7716 | Lair:2   | Killed a black mamba
  7754 | Lair:2   | Noticed a cane toad
  7755 | Lair:2   | 7755 ||| INVOKING Heroism.
  7764 | Lair:2   | Killed a cane toad
  7775 | Lair:2   | Reached skill level 9 in Shields
  7782 | Lair:2   | 7782 ||| INVOKING Heroism.
  7807 | Lair:2   | 7807 ||| INVOKING Heroism.
  7822 | Lair:2   | 7822 ||| Stepping ~*~*~tactically~*~*~ (stealth).
  7831 | Lair:2   | 7831 ||| INVOKING Heroism.
  7849 | Lair:2   | Reached skill level 10 in Axes
  7856 | Lair:2   | Reached *** piety under Okawaru
  7885 | Lair:2   | 7885 ||| INVOKING Heroism.
  7894 | Lair:2   | Reached XP level 11. HP: 68/68 MP: 12/14
  7899 | Lair:2   | 7899 ||| INVOKING Heroism.
  8013 | Lair:2   | 8013 ||| UPGRADING to +2 helmet.
  8023 | Lair:2   | 8023 ||| DROPPING +0 helmet of Dogmatism {-Cast Rampage
                  | rPois rN+}.
  8024 | Lair:2   | 8024 ||| UPGRADING to ring of protection from fire.
  8026 | Lair:2   | 8026 ||| UPGRADING to ring of willpower.
  8088 | Lair:1   | 8088 ||| INVOKING Heroism.
  8089 | Lair:1   | 8089 ||| Stepping ~*~*~tactically~*~*~ (stealth).
  8221 | Lair:1   | 8221 ||| INVOKING Heroism.
  8281 | Lair:1   | 8281 ||| INVOKING Heroism.
  8384 | Lair:1   | Reached skill level 11 in Axes
  8452 | Lair:1   | 8452 ||| INVOKING Heroism.
  8474 | Lair:1   | 8474 ||| INVOKING Heroism.
  8563 | Lair:1   | Found a runed translucent door.
  8563 | Lair:1   | Found a shimmering altar of Xom.
  8563 | Lair:1   | Noticed qw's ghost (journeyman GrFi)
  8563 | Lair:1   | Noticed a +0 flail of chaos
  8735 | Lair:1   | 8735 ||| INVOKING Heroism.
  8974 | Lair:1   | 8974 ||| READING scroll labelled GIAHOA MIT VIF.
  9085 | Lair:2   | Found a staircase to the Shoals.
  9086 | Lair:2   | 9086 ||| INVOKING Heroism.
  9118 | Lair:2   | 9118 ||| INVOKING Heroism.
  9129 | Lair:2   | Reached **** piety under Okawaru
  9216 | Lair:2   | 9216 ||| INVOKING Heroism.
  9217 | Lair:2   | Noticed a catoblepas
  9243 | Lair:2   | 9243 ||| INVOKING Heroism.
  9256 | Lair:2   | Killed a catoblepas
  9257 | Lair:2   | Reached skill level 9 in Fighting
  9460 | Lair:3   | 9460 ||| INVOKING Heroism.
  9493 | Lair:3   | 9493 ||| INVOKING Heroism.
  9514 | Lair:3   | 9514 ||| INVOKING Heroism.
  9531 | Lair:3   | Reached XP level 12. HP: 20/76 MP: 13/16
  9531 | Lair:3   | HP: 16/76 [elephant (4)]
  9532 | Lair:3   | 9532 ||| READING 2 scrolls of teleportation.
  9533 | Lair:3   | 9533 ||| DRINKING 3 potions of heal wounds.
  9535 | Lair:3   | 9535 ||| DRINKING 2 potions of heal wounds.
  9547 | Lair:3   | 9547 ||| INVOKING Heroism.
  9556 | Lair:3   | Reached skill level 6 in Invocations
  9560 | Lair:3   | HP: 19/76 [wolf (6)]
  9561 | Lair:3   | 9561 ||| READING scroll of teleportation.
  9646 | Lair:3   | 9646 ||| INVOKING Heroism.
  9842 | Lair:3   | 9842 ||| Stepping ~*~*~tactically~*~*~ (stealth).
 10222 | Lair:3   | 10222 ||| INVOKING Heroism.
 10548 | Lair:3   | 10548 ||| Stepping ~*~*~tactically~*~*~ (water).
 10638 | Lair:3   | Found a staircase to the Snake Pit.
 10738 | Lair:3   | Noticed a four-headed hydra
 10738 | Lair:3   | Noticed a seven-headed hydra
 10739 | Lair:3   | 10739 ||| INVOKING Heroism.
 10740 | Lair:3   | 10740 ||| SWAPPING to +0 morningstar.
 10752 | Lair:3   | HP: 17/76 [seven-headed hydra (11)]
 10753 | Lair:3   | 10753 ||| DRINKING potion of heal wounds.
 10755 | Lair:3   | Killed a seven-headed hydra
 10758 | Lair:3   | HP: 18/76 [four-headed hydra (9)]
 10762 | Lair:3   | HP: 7/76 [four-headed hydra (9)]
 10763 | Lair:3   | Killed a four-headed hydra
 10764 | Lair:3   | 10764 ||| SWAPPING to +0 war axe of freezing.
 11021 | Lair:3   | Reached ***** piety under Okawaru
 11028 | Lair:3   | Reached skill level 12 in Axes
 11095 | Lair:3   | 11095 ||| READING scroll labelled ZEPIMORETU.
 11108 | Lair:3   | Received a gift from Okawaru
 11434 | Lair:3   | 11434 ||| UPGRADING to +1 pair of boots of stealth.
 11457 | Lair:4   | 11457 ||| INVOKING Heroism.
 11505 | Lair:4   | 11505 ||| Stepping ~*~*~tactically~*~*~ (stealth).
 11508 | Lair:4   | 11508 ||| Stepping ~*~*~tactically~*~*~ (stealth).
 11545 | Lair:4   | 11545 ||| INVOKING Heroism.
 11547 | Lair:4   | Reached skill level 9 in Invocations
 11746 | Lair:4   | 11746 ||| Stepping ~*~*~tactically~*~*~ (stealth).
 11762 | Lair:4   | 11762 ||| INVOKING Heroism.
 11774 | Lair:4   | Reached skill level 9 in Armour
 11874 | Lair:4   | 11874 ||| Stepping ~*~*~tactically~*~*~ (stealth).
 11877 | Lair:4   | 11877 ||| Stepping ~*~*~tactically~*~*~ (stealth).
 11948 | Lair:4   | 11948 ||| Stepping ~*~*~tactically~*~*~ (stealth).
 11981 | Lair:4   | Reached XP level 13. HP: 59/80 MP: 20/20
 11992 | Lair:4   | 11992 ||| INVOKING Heroism.
 12525 | Lair:4   | 12525 ||| DROPPING scarf of shadows.
 12526 | Lair:4   | 12526 ||| READING 3 scrolls labelled YCUBLE BIXEY.
 12527 | Lair:4   | 12527 ||| DROPPING 2 scrolls of fear.
 12536 | Lair:5   | Entered Level 5 of the Lair of Beasts
 12625 | Lair:5   | 12625 ||| INVOKING Heroism.
 12704 | Lair:5   | 12704 ||| Stepping ~*~*~tactically~*~*~ (stealth).
 12735 | Lair:5   | 12735 ||| Stepping ~*~*~tactically~*~*~ (stealth).
 12738 | Lair:5   | 12738 ||| Stepping ~*~*~tactically~*~*~ (stealth).
 12754 | Lair:5   | 12754 ||| Stepping ~*~*~tactically~*~*~ (stealth).
 12755 | Lair:5   | 12755 ||| Stepping ~*~*~tactically~*~*~ (stealth).
 12756 | Lair:5   | 12756 ||| Stepping ~*~*~tactically~*~*~ (stealth).
 12757 | Lair:5   | 12757 ||| Stepping ~*~*~tactically~*~*~ (stealth).
 12758 | Lair:5   | 12758 ||| INVOKING Heroism.
 12814 | Lair:5   | 12814 ||| INVOKING Heroism.
 12827 | Lair:5   | Reached skill level 13 in Axes
 12843 | Lair:5   | Received a gift from Okawaru
 12861 | Lair:5   | 12861 ||| Stepping ~*~*~tactically~*~*~ (stealth).
 12901 | Lair:5   | 12901 ||| INVOKING Heroism.
 12967 | Lair:5   | 12967 ||| FLEEEEING.
 12968 | Lair:5   | 12968 ||| FLEEEEING.
 12969 | Lair:5   | 12969 ||| FLEEEEING.
 12970 | Lair:5   | 12970 ||| FLEEEEING.
 12971 | Lair:5   | 12971 ||| FLEEEEING.
 12972 | Lair:5   | 12972 ||| FLEEEEING.
 12973 | Lair:5   | 12973 ||| FLEEEEING.
 12974 | Lair:5   | 12974 ||| INVOKING Heroism.
 13029 | Lair:5   | 13029 ||| SWAPPING to +2 broad axe of electrocution.
 13030 | Lair:5   | 13030 ||| DROPPING +1 war axe.
 13031 | Lair:5   | 13031 ||| DROPPING +0 war axe of freezing.
 13052 | Lair:5   | 13052 ||| INVOKING Heroism.
 13053 | Lair:5   | 13053 ||| INVOKING Finesse.
 13078 | Lair:5   | 13078 ||| Stepping ~*~*~tactically~*~*~ (stealth).
 13079 | Lair:5   | 13079 ||| Stepping ~*~*~tactically~*~*~ (stealth).
 13096 | Lair:5   | 13096 ||| Stepping ~*~*~tactically~*~*~ (stealth).
 13103 | Lair:5   | 13103 ||| INVOKING Heroism.
 13116 | Lair:5   | 13116 ||| INVOKING Heroism.
 13153 | Lair:5   | 13153 ||| FLEEEEING.
 13154 | Lair:5   | 13154 ||| FLEEEEING.
 13155 | Lair:5   | 13155 ||| FLEEEEING.
 13156 | Lair:5   | 13156 ||| FLEEEEING.
 13157 | Lair:5   | 13157 ||| FLEEEEING.
 13158 | Lair:5   | 13158 ||| FLEEEEING.
 13159 | Lair:5   | 13159 ||| FLEEEEING.
 13160 | Lair:5   | 13160 ||| STAIRDANCE
 13307 | Lair:5   | 13307 ||| STAIRDANCE
 13380 | Lair:5   | 13380 ||| INVOKING Heroism.
 13469 | Lair:5   | 13469 ||| INVOKING Heroism.
 13480 | Lair:5   | Reached skill level 14 in Axes
 13486 | Lair:5   | 13486 ||| Stepping ~*~*~tactically~*~*~ (stealth).
 13501 | Lair:5   | 13501 ||| Stepping ~*~*~tactically~*~*~ (hiding).
 13523 | Lair:5   | 13523 ||| Stepping ~*~*~tactically~*~*~ (stealth).
 13524 | Lair:5   | 13524 ||| Stepping ~*~*~tactically~*~*~ (stealth).
 13532 | Lair:5   | 13532 ||| Stepping ~*~*~tactically~*~*~ (hiding).
 13533 | Lair:5   | 13533 ||| Stepping ~*~*~tactically~*~*~ (stealth).
 13583 | Lair:5   | 13583 ||| Stepping ~*~*~tactically~*~*~ (hiding).
 13584 | Lair:5   | 13584 ||| Stepping ~*~*~tactically~*~*~ (hiding).
 13612 | Lair:5   | 13612 ||| Stepping ~*~*~tactically~*~*~ (hiding).
 13613 | Lair:5   | 13613 ||| Stepping ~*~*~tactically~*~*~ (hiding).
 13664 | Lair:5   | 13664 ||| Stepping ~*~*~tactically~*~*~ (stealth).
 13682 | Lair:5   | 13682 ||| Stepping ~*~*~tactically~*~*~ (stealth).
 13691 | Lair:5   | 13691 ||| Stepping ~*~*~tactically~*~*~ (stealth).
 13723 | Lair:5   | Gained mutation: Your large and strong wings let you fly.
                  | [Gargoyle growth]
 13723 | Lair:5   | Reached XP level 14. HP: 81/88 MP: 21/21
 13732 | Lair:5   | 13732 ||| INVOKING Heroism.
 13830 | Lair:5   | 13830 ||| Stepping ~*~*~tactically~*~*~ (hiding).
 13831 | Lair:5   | 13831 ||| Stepping ~*~*~tactically~*~*~ (hiding).
 13910 | Lair:5   | 13910 ||| Stepping ~*~*~tactically~*~*~ (stealth).
 13924 | Lair:5   | 13924 ||| INVOKING Heroism.
 13995 | Lair:5   | 13995 ||| FLEEEEING.
 14046 | Lair:5   | 14046 ||| Stepping ~*~*~tactically~*~*~ (stealth).
 14047 | Lair:5   | 14047 ||| Stepping ~*~*~tactically~*~*~ (stealth).
 14054 | Lair:5   | 14054 ||| INVOKING Heroism.
 14072 | Lair:5   | 14072 ||| Stepping ~*~*~tactically~*~*~ (hiding).
 14102 | Lair:5   | Reached skill level 12 in Shields
 14119 | Lair:5   | 14119 ||| INVOKING Heroism.
 14123 | Lair:5   | 14123 ||| INVOKING Finesse.
 14138 | Lair:5   | 14138 ||| Stepping ~*~*~tactically~*~*~ (stealth).
 14139 | Lair:5   | 14139 ||| Stepping ~*~*~tactically~*~*~ (stealth).
 14167 | Lair:5   | 14167 ||| INVOKING Heroism.
 14260 | Lair:5   | 14260 ||| Stepping ~*~*~tactically~*~*~ (stealth).
 14276 | Lair:5   | Identified the +0 pair of boots of Infinity {*Slow rN++
                  | Str+2 Dex+2} (Okawaru gifted it to you on level 5 of the
                  | Lair of Beasts)
 14276 | Lair:5   | Received a gift from Okawaru
 14281 | Lair:5   | 14281 ||| Stepping ~*~*~tactically~*~*~ (stealth).
 14283 | Lair:5   | 14283 ||| Stepping ~*~*~tactically~*~*~ (stealth).
 14284 | Lair:5   | 14284 ||| Stepping ~*~*~tactically~*~*~ (stealth).
 14340 | Lair:5   | 14340 ||| Stepping ~*~*~tactically~*~*~ (stealth).
 14357 | Lair:5   | 14357 ||| INVOKING Heroism.
 14596 | Lair:5   | 14596 ||| Stepping ~*~*~tactically~*~*~ (stealth).
 14647 | Lair:5   | 14647 ||| Stepping ~*~*~tactically~*~*~ (hiding).
 14681 | Lair:5   | 14681 ||| READING scroll of enchant weapon.
 14681 | Lair:5   | 14681 ||| ENCHANTING +2 broad axe of electrocution.
 14765 | Lair:5   | Found a staircase to the Slime Pits.
 14816 | Lair:5   | Noticed Rupert
 14817 | Lair:5   | 14817 ||| Stepping ~*~*~tactically~*~*~ (hiding).
 14819 | Lair:5   | 14819 ||| INVOKING Heroism.
 14820 | Lair:5   | 14820 ||| INVOKING Finesse.
 14833 | Lair:5   | Killed Rupert
 14911 | Lair:5   | Reached skill level 15 in Axes
 14916 | Lair:5   | 14916 ||| INVOKING Heroism.
 15248 | Lair:5   | 15248 ||| INVOKING Heroism.
 15330 | Lair:5   | 15330 ||| PLANNING D:1-11
 15330 | Lair:5   | 15330 ||| DROPPING +2 helmet.
 15331 | Lair:5   | 15331 ||| DROPPING +0 pair of boots of Infinity {*Slow rN++
                  | Str+2 Dex+2}.
 15332 | Lair:5   | 15332 ||| READING scroll labelled IWIYTH TAKUSM.
 15349 | Lair:5   | 15349 ||| Stepping ~*~*~tactically~*~*~ (stealth).
 15792 | D:9      | 15792 ||| READING scroll of enchant weapon.
 15792 | D:9      | 15792 ||| ENCHANTING +3 broad axe of electrocution.
 16124 | D:9      | 16124 ||| READING scroll labelled REUXUM YSEUNEC.
 16125 | D:9      | 16125 ||| READING 7 scrolls of identify.
 16125 | D:9      | 16125 ||| IDENTIFYING fuming brown potion
 16126 | D:9      | 16126 ||| DROPPING potion of degeneration.
 16152 | D:10     | Entered Level 10 of the Dungeon
 16271 | D:10     | 16271 ||| Stepping ~*~*~tactically~*~*~ (stealth).
 16336 | D:10     | 16336 ||| Stepping ~*~*~tactically~*~*~ (stealth).
 16465 | D:10     | 16465 ||| Stepping ~*~*~tactically~*~*~ (hiding).
 16466 | D:10     | 16466 ||| Stepping ~*~*~tactically~*~*~ (stealth).
 16492 | D:10     | 16492 ||| FLEEEEING.
 16493 | D:10     | 16493 ||| FLEEEEING.
 16497 | D:10     | 16497 ||| FLEEEEING.
 16498 | D:10     | 16498 ||| FLEEEEING.
 16499 | D:10     | 16499 ||| FLEEEEING.
 16500 | D:10     | 16500 ||| FLEEEEING.
 16501 | D:10     | 16501 ||| FLEEEEING.
 16502 | D:10     | 16502 ||| FLEEEEING.
 16503 | D:10     | 16503 ||| FLEEEEING.
 16504 | D:10     | 16504 ||| FLEEEEING.
 16505 | D:10     | 16505 ||| FLEEEEING.
 16864 | D:11     | 16864 ||| Stepping ~*~*~tactically~*~*~ (stealth).
 16866 | D:11     | 16866 ||| Stepping ~*~*~tactically~*~*~ (stealth).
 16868 | D:11     | 16868 ||| Stepping ~*~*~tactically~*~*~ (stealth).
 16917 | D:11     | 16917 ||| Stepping ~*~*~tactically~*~*~ (stealth).
 16919 | D:11     | 16919 ||| Stepping ~*~*~tactically~*~*~ (hiding).
 16935 | D:11     | 16935 ||| Stepping ~*~*~tactically~*~*~ (hiding).
 17065 | D:11     | Found Xufi's Weapon Shoppe.
 17110 | D:11     | 17110 ||| INVOKING Heroism.
 17142 | D:11     | Noticed Grum
 17166 | D:11     | Killed Grum
 17270 | D:11     | You are sucked into a shaft and drop 1 floor!
 17280 | D:12     | 17280 ||| Stepping ~*~*~tactically~*~*~ (hiding).
 17337 | D:12     | Reached skill level 12 in Fighting
 17534 | D:12     | 17534 ||| Stepping ~*~*~tactically~*~*~ (hiding).
 17535 | D:12     | 17535 ||| Stepping ~*~*~tactically~*~*~ (hiding).
 17538 | D:12     | 17538 ||| Stepping ~*~*~tactically~*~*~ (hiding).
 18046 | D:11     | Found a staircase to the Orcish Mines.
 18082 | D:11     | 18082 ||| PLANNING D
 18438 | D:12     | Found a portal to a secret trove of treasure.
 18480 | D:12     | Noticed Jorgrun
 18481 | D:12     | 18481 ||| Stepping ~*~*~tactically~*~*~ (hiding).
 18482 | D:12     | 18482 ||| INVOKING Heroism.
 18483 | D:12     | 18483 ||| INVOKING Finesse.
 18498 | D:12     | Killed Jorgrun
 18499 | D:12     | Reached XP level 15. HP: 78/96 MP: 15/22
 18557 | D:12     | Noticed Gastronok
 18571 | D:12     | Killed Gastronok
 18804 | D:12     | 18804 ||| Stepping ~*~*~tactically~*~*~ (stealth).
 18896 | D:12     | 18896 ||| UPGRADING to +1 hat of see invisible.
 18921 | D:13     | 18921 ||| STAIRDANCE
 18999 | D:13     | 18999 ||| Stepping ~*~*~tactically~*~*~ (hiding).
 19076 | D:13     | 19076 ||| Stepping ~*~*~tactically~*~*~ (hiding).
 19077 | D:13     | 19077 ||| Stepping ~*~*~tactically~*~*~ (hiding).
 19081 | D:13     | 19081 ||| INVOKING Heroism.
 19085 | D:13     | HP: 21/96 [yaktaur/bolt (8)]
 19086 | D:13     | 19086 ||| READING 3 scrolls of teleportation.
 19090 | D:13     | Reached skill level 16 in Axes
 19091 | D:13     | 19091 ||| READING 2 scrolls of teleportation.
 19321 | D:13     | Noticed Nessos
 19322 | D:13     | 19322 ||| Stepping ~*~*~tactically~*~*~ (hiding).
 19324 | D:13     | 19324 ||| INVOKING Finesse.
 19334 | D:13     | Killed Nessos
 19433 | D:13     | 19433 ||| Stepping ~*~*~tactically~*~*~ (hiding).
 19438 | D:13     | 19438 ||| INVOKING Heroism.
 19444 | D:13     | 19444 ||| Stepping ~*~*~tactically~*~*~ (hiding).
 19480 | D:13     | 19480 ||| INVOKING Heroism.
 19496 | D:13     | HP: 23/96 [yaktaur/bolt (16)]
 19497 | D:13     | 19497 ||| READING scroll of teleportation.
 19497 | D:13     | HP: 4/96 [yaktaur/bolt (12)]
 19499 | D:13     | Killed from afar by a deep elf zephyrmancer

Levels and vault maps discovered:
D:1:      roderic_octagonal_star, layout_loops_ring,
          ebering_ecumenical_altar_hall
D:2:      layout_rooms, uniq_robin
D:3:      layout_loops_ring, serial_shops, shop, uniq_natasha
D:4:      layout_gridville, nicolae_figureground_sparkle, uniq_blork_the_orc
D:5:      layout_rooms, chequers_serial_rivers_small_3
D:6:      layout_loops_cross, temple_hall, minmay_misc_feat_alley,
          uniq_prince_ribbit1
D:7:      layout_rooms, uniq_duvessa, uniq_menkaure
D:8:      layout_basic, zin_scriptorium, lair_entry_dummy
D:9:      layout_gridville
D:10:     layout_small_grid
D:11:     layout_loops_cross, orc_0_dummy, serial_shops,
          nicolae_shop_temple_entry_statues_fountains, uniq_grum
D:12:     layout_irregular_city, nicolae_trove_entry_path_of_doom,
          minmay_misc_feat_ornament, uniq_gastronok, uniq_jorgrun
D:13:     layout_basic, hangedman_vaults_entry_quadrant_bands, uniq_josephine,
          uniq_nessos
Temple:   mainiacjoe_temple_starburst
Lair:1:   layout_chaotic_city, ebering_ghost_xom, grunt_megastairs_3,
          infiniplex_staircase_pool_2, serial_bayou_shore_b
Lair:2:   layout_hall_layers, elwin_shoals_entry_rooms
Lair:3:   layout_layer_cave, guppyfry_snake_entry_island, st_stairs_12,
          serial_bayou_pond_a, minmay_shattered_shrine
Lair:4:   layout_misc_corridors, nicolae_quartered_pool_little
Lair:5:   hangedman_lair_caniforms_friends, layout_regular_city,
          hangedman_lair_tendril_chambers, dpeg_slime_entry_corner, uniq_rupert

Skill      XL: |  1  2  3  4  5  6  7  8  9 10 11 12 13 14 15 |
---------------+----------------------------------------------+-----
Axes           | 2 3 4 5 6 7 8 10 11 12 14 15 16 | 16.0
Fighting       | 4 5 6 7 9 10 12 | 12.0
Dodging        | 1 2 |  2.3
Shields        | 6 7 8 9 10 11 12 | 12.7
Armour         | 5 6 8 9 10 11 | 11.0
Invocations    | 4 5 9 10 | 10.0
Throwing       | 1 2 |  2.0

Action                     |  1- 3 |  4- 6 |  7- 9 | 10-12 | 13-15 || total
---------------------------+-------+-------+-------+-------+-------++-------
  Melee: War axe           |   105 |   206 |   358 |   548 |   226 ||  1443
         Unarmed           |       |     3 |       |       |       ||     3
         Morningstar       |       |       |       |    22 |       ||    22
         Broad axe         |       |       |       |       |   732 ||   732
  Throw: Boomerang         |       |       |    15 |    63 |    86 ||   164
 Invoke: Heroism           |       |       |     9 |    29 |    25 ||    63
         Finesse           |       |       |       |       |     5 ||     5
    Use: Scroll            |     2 |     4 |     8 |     6 |     9 ||    29
         Potion            |       |       |     1 |     3 |       ||     4
 Armour: Scale mail        |    58 |   109 |       |       |       ||   167
         Chain mail        |       |    22 |   137 |       |       ||   159
         Plate armour      |       |       |    74 |   349 |   599 ||  1022
  Dodge: Dodged            |    41 |    84 |   106 |   118 |   242 ||   591
  Block: Buckler           |    19 |    41 |     8 |       |       ||    68
         Kite shield       |       |       |   180 |   300 |   561 ||  1041

Table legend:
 A = Non-vault XP
 B = Vault XP
 C = Vault XP percentage of total XP
 D = Non-vault monster count
 E = Vault monster count
 F = Vault count percentage of total count
                 A         B        C        D         E       F
            +---------+---------+-------+---------+---------+-------
      Total |   56764 |   41009 |  41.9 |     395 |     149 |  27.4
            +---------+---------+-------+---------+---------+-------
        D:1 |      33 |       0 |   0.0 |      20 |       0 |   0.0
        D:2 |     158 |      36 |  18.6 |      30 |      13 |  30.2
        D:3 |     143 |      35 |  19.7 |      12 |       1 |   7.7
        D:4 |     405 |     100 |  19.8 |      16 |       1 |   5.9
        D:5 |     279 |       0 |   0.0 |      13 |       0 |   0.0
        D:6 |     673 |     496 |  42.4 |      19 |       3 |  13.6
        D:7 |     699 |     169 |  19.5 |      19 |       1 |   5.0
        D:8 |    1489 |       0 |   0.0 |      28 |       0 |   0.0
        D:9 |    3100 |       0 |   0.0 |      18 |       0 |   0.0
       D:10 |    3093 |       0 |   0.0 |      22 |       0 |   0.0
       D:11 |    2983 |     652 |  17.9 |      26 |       5 |  16.1
       D:12 |    3849 |    4134 |  51.8 |      17 |       4 |  19.0
       D:13 |     836 |    7435 |  89.9 |       2 |      15 |  88.2
     Lair:1 |    4216 |     817 |  16.2 |      21 |       2 |   8.7
     Lair:2 |    5245 |     767 |  12.8 |      20 |       2 |   9.1
     Lair:3 |    4732 |    5644 |  54.4 |      27 |      14 |  34.1
     Lair:4 |    8721 |     545 |   5.9 |      28 |       2 |   6.7
     Lair:5 |   16110 |   20179 |  55.6 |      57 |      86 |  60.1
            +---------+---------+-------+---------+---------+-------
